Map: Central Protocol

Players

Wellmet - Winner!

  • Race: Terran Terran
  • League: Silver

Nightshade

  • Race: Zerg Zerg
  • League: Diamond

VOD

Have the link to the VOD?

Description

Time

  • Played on: Nov. 11, 2015, 2:25 a.m.
  • Length: 9:08
Show
View Real Time Build Order
Export as new Build Order

Wellmet Terran - Winner!

Build Orders: Reaper Expand, MMM Bio 

Get SALT Encoding   

  12  0:01  SCV  
  13  0:13  SCV  
  14  0:19  Supply Depot  
  14  0:25  SCV  
  15  0:40  SCV  
  15  0:42  Barracks  
  16  0:50  Refinery  
  16  0:53  SCV  
  17  1:07  SCV  
  18  1:19  SCV  
  19  1:32  Orbital Command  
  19  1:33  Reaper  
  20  1:44  Command Center  
  20  1:57  Supply Depot  
  20  1:58  SCV  
  21  2:05  Reaper  
  22  2:10  SCV  
  23  2:24  SCV  
  24  2:31  Factory  
  24  2:39  SCV  
  25  2:47  Barracks Reactor  
  25  2:52  Command Center, SCV  
  25  2:57  Orbital Command  
  26  3:07  SCV  
  26  3:12  Refinery  
  27  3:19  SCV  
  28  3:25  Starport  
  28  3:34  SCV x2  
  28  3:39  Hellion x2  
  34  3:41  Barracks Tech Lab  
  34  3:49  SCV x2  
  36  4:01  SCV x2, Marine  
  36  4:02  Stimpack  
  41  4:03  Hellion x2  
  41  4:07  Orbital Command  
  43  4:13  SCV x2  
  45  4:17  Viking  
  45  4:18  Marine  
  50  4:24  Hellion x2  
  50  4:25  SCV x2  
  50  4:28  Supply Depot  
  54  4:35  SCV  
  54  4:37  SCV x2  
  54  4:38  Marauder  
  59  4:40  Barracks  
  59  4:47  SCV  
  59  4:52  Barracks  
  60  4:53  Starport Reactor  
  60  4:54  SCV, Factory Reactor  
  60  4:55  SCV  
  60  4:58  Supply Depot, Barracks  
  62  5:01  SCV  
  62  5:03  Marauder  
  62  5:06  SCV  
  64  5:14  SCV x2  
  64  5:18  Supply Depot  
  64  5:19  Refinery  
  66  5:22  SCV  
  66  5:23  Refinery  
  66  5:24  Engineering Bay  
  66  5:28  Marauder  
  64  5:35  SCV  
  64  5:36  SCV  
  64  5:40  SCV  
  64  5:41  Factory Tech Lab  
  62  5:44  Engineering Bay  
  62  5:48  SCV x2  
  62  5:49  Starport Reactor  
  62  5:51  Marine x2  
  62  5:52  SCV, Marauder  
  62  5:56  Missile Turret  
  67  5:59  Marine x4  
  67  6:00  SCV  
  67  6:03  Siege Tank  
  75  6:07  Missile Turret  
  75  6:09  Missile Turret  
  75  6:10  Marine  
  76  6:11  Liberator  
  76  6:15  Bunker  
  76  6:17  Terran Infantry Weapons Level 1  
  76  6:21  Supply Depot  
  76  6:24  Terran Infantry Armor Level 1, Marine x2  
  76  6:25  Supply Depot, Liberator, Marine x3  
  84  6:41  Supply Depot  
  84  6:43  Combat Shields, Supply Depot, Marauder  
  84  6:44  Marine  
  84  6:45  Marine  
  91  6:53  Sensor Tower  
  91  6:54  Marine x2  
  92  6:56  Liberator, Orbital Command  
  92  7:01  Marine x2  
  94  7:02  Marine  
  96  7:10  Liberator  
  96  7:14  SCV x2  
  101  7:21  Marine x6  
  107  7:23  SCV  
  107  7:29  Starport  
  111  7:41  Marine x3  
  113  7:46  Armory  
  113  7:48  Marine x2  
  115  7:52  Missile Turret  
  115  7:53  Missile Turret  
  115  7:58  Medivac  
  117  8:00  Refinery  
  117  8:05  Marine x3  
  117  8:06  Supply Depot  
  117  8:07  Supply Depot  
  117  8:10  Medivac  
  117  8:12  Starport Reactor  
  122  8:14  Barracks  
  122  8:16  Marine x2  
  122  8:17  SCV  
  125  8:24  Barracks  
  125  8:27  SCV x2  
  125  8:29  SCV  
  128  8:38  Supply Depot  
  128  8:39  Marine x4  
  128  8:40  Marauder  
  128  8:41  Supply Depot  
Show
View Real Time Build Order
Export as new Build Order

Nightshade Zerg 

Build Orders: Hatch First 

Get SALT Encoding   

  12  0:01  Drone  
  13  0:09  Drone  
  14  0:38  Hatchery  
  14  0:39  Drone  
  14  0:56  Spawning Pool  
  13  0:59  Drone  
  13  1:02  Extractor  
  13  1:05  Drone  
  14  1:14  Overlord  
  14  1:32  Drone  
  15  1:33  Drone x2  
  17  1:43  Queen  
  19  1:54  Queen  
  21  2:02  Drone x2  
  21  2:06  Drone  
  24  2:10  Drone  
  25  2:17  Overlord  
  25  2:21  Drone  
  26  2:24  Drone  
  27  2:35  Drone  
  28  2:38  Overlord  
  28  2:40  Drone x2  
  30  2:45  Extractor  
  30  2:50  Roach Warren  
  28  2:58  Drone x3  
  31  3:01  Drone  
  31  3:10  Drone x3  
  33  3:22  Lair  
  33  3:26  Drone x3  
  33  3:37  Drone x4  
  37  3:46  Roach x2  
  41  3:50  Overlord  
  41  4:00  Drone x2  
  43  4:07  Drone  
  44  4:10  Roach  
  46  4:20  Drone x4  
  46  4:21  Glial Reconstitution  
  46  4:22  Overseer  
  50  4:28  Extractor  
  49  4:31  Extractor  
  49  4:32  Spire  
  49  4:33  Drone  
  49  4:34  Drone x4  
  52  4:46  Overlord x2  
  52  5:05  Roach  
  52  5:06  Roach x5  
  64  5:14  Drone x2  
  64  5:15  Roach  
  64  5:18  Overseer  
  66  5:45  Drone x2  
  68  5:51  Overlord x2  
  68  5:52  Overlord  
  68  5:53  Overlord  
  68  6:12  Drone x2, Mutalisk  
  68  6:13  Mutalisk x4  
  80  6:18  Hatchery  
  80  6:19  Hydralisk Den  
  80  6:24  Evolution Chamber  
  80  6:25  Drone x2  
  79  6:27  Evolution Chamber  
  79  6:28  Mutalisk  
  79  6:29  Mutalisk x2  
  84  6:46  Mutalisk x3  
  90  6:49  Mutalisk  
  90  6:51  Overlord  
  90  6:52  Overlord  
  92  7:04  Lurker Den  
  90  7:12  Roach x4  
  96  7:24  Zergling x2  
  96  7:25  Zergling x8  
  101  7:30  Queen  
  103  7:39  Hydralisk  
  103  7:40  Hydralisk x2  
  105  7:46  Hydralisk x2  
  105  7:48  Overlord x2  
  107  8:07  Hydralisk x5  
  107  8:09  Zergling x6  
  107  8:10  Zergling x6  
  123  8:20  Drone  
  123  8:26  Drone x6  
  130  8:32  Overlord  
  127  8:41  Lurker  
  127  8:42  Lurker  
  127  8:44  Lurker  
Tags
 
Add a new tag
Caveats
  • Supply blocks, unpowered buildings, or Contaminate may cause inaccurate times.
  • Supply counts are checked every 10 seconds.